2747 views
Uploaded 2019-12-14 19:27:43
Game version 1.32.0.4
33:23 long 3on3 ladder game on (6)UpperKingdom
Saved by BEARAND
2747 views
Uploaded 2019-12-14 19:27:43
Game version 1.32.0.4
33:23 long 3on3 ladder game on (6)UpperKingdom


160 units @ 25.3k
/ 3.8k
53 buildings @ 8.8k
/ 3.8k

| Scroll of Speed | 2 | 100 |
| Healing Salve | 1 | 100 |
| Potion of Healing | 3 | 450 |
| Potion of Mana | 4 | 800 |
| total: | 10 | 1450g |
| Peon | 23 | 1725 | / | 0 |
| Grunt | 14 | 2800 | / | 0 |
| Troll Headhunter | 7 | 980 | / | 140 |
| Shaman | 11 | 1430 | / | 220 |
| Tauren | 9 | 2520 | / | 720 |
| Demolisher | 6 | 1320 | / | 300 |
| total: | 70 | 10775g | / | 1380w |
| Watch Tower | 3 | 330 | / | 240 |
| Altar of Storms | 1 | 180 | / | 50 |
| Orc Burrow | 8 | 1280 | / | 320 |
| Barracks | 2 | 360 | / | 100 |
| Voodoo Lounge | 1 | 130 | / | 30 |
| War Mill | 1 | 205 | / | 0 |
| Great Hall | 1 | 385 | / | 185 |
| Spirit Lodge | 1 | 150 | / | 150 |
| Tauren Totem | 1 | 135 | / | 155 |
| Beastiary | 1 | 145 | / | 140 |
| Stronghold | 1 | 315 | / | 190 |
| Fortress | 1 | 325 | / | 190 |
| total: | 20 | 3300g | / | 1370w |
| 0:04 | Altar of Storms |
| 0:05 | Peon |
| 0:05 | Peon |
| 0:23 | Orc Burrow |
| 0:36 | Barracks |
| 0:39 | Peon |
| 0:44 | Peon |
| 0:44 | Peon |
| 1:30 | Peon |
| 1:39 | Grunt |
| 1:41 | Orc Burrow |
| 1:56 | Grunt |
| 2:13 | Critical Strike |
| 2:31 | Grunt |
| 2:37 | Voodoo Lounge |
| 2:51 | Grunt |
| 3:45 | Peon |
| 3:45 | Peon |
| 3:58 | War Mill |
| 4:34 | Peon |
| 4:34 | Peon |
| 5:35 | Orc Burrow |
| 6:15 | Wind Walk |
| 6:34 | Orc Burrow |
| 6:36 | Troll Headhunter |
| 6:36 | Troll Headhunter |
| 6:36 | Troll Headhunter |
| 6:36 | Troll Headhunter |
| 6:38 | Grunt |
| 6:40 | Steel Ranged Weapons |
| 6:40 | Steel Melee Weapons |
| 6:41 | Steel Armor |
| 6:54 | Scroll of Speed |
| 6:55 | Healing Salve |
| 7:31 | Watch Tower |
| 7:47 | Grunt |
| 7:47 | Troll Headhunter |
| 7:58 | Stronghold |
| 8:56 | Critical Strike |
| 9:11 | Watch Tower |
| 9:13 | Troll Headhunter |
| 9:13 | Troll Headhunter |
| 9:13 | Grunt |
| 9:14 | Grunt |
| 9:14 | Grunt |
| 10:20 | Watch Tower |
| 10:50 | Wind Walk |
| 11:18 | Peon |
| 11:18 | Peon |
| 11:28 | Thorium Armor |
| 11:28 | Spiked Barricades |
| 11:40 | Spirit Lodge |
| 11:51 | Berserker Strength |
| 11:52 | Troll Regeneration |
| 12:43 | Peon |
| 12:57 | Tauren Totem |
| 12:59 | Shaman Adept Training |
| 12:59 | Shaman |
| 13:06 | Great Hall |
| 13:28 | Fortress |
| 13:37 | Potion of Healing |
| 13:37 | Potion of Mana |
| 13:38 | Scroll of Speed |
| 13:51 | Thorium Melee Weapons |
| 13:51 | Thorium Ranged Weapons |
| 14:07 | Orc Burrow |
| 14:20 | Orc Burrow |
| 15:01 | Shaman |
| 15:02 | Shaman |
| 15:06 | Orc Burrow |
| 15:27 | Orc Burrow |
| 15:29 | Shaman |
| 15:54 | Shaman Master Training |
| 15:57 | Shaman |
| 15:59 | Shaman |
| 16:02 | Tauren |
| 16:12 | Peon |
| 16:12 | Peon |
| 16:12 | Peon |
| 16:49 | Shaman |
| 16:49 | Shaman |
| 16:53 | Tauren |
| 17:14 | Berserker Upgrade |
| 17:19 | Tauren |
| 17:26 | Pulverize |
| 18:08 | Tauren |
| 18:10 | Tauren |
| 21:38 | Critical Strike |
| 22:25 | Tauren |
| 22:25 | Tauren |
| 22:25 | Tauren |
| 22:25 | Tauren |
| 22:28 | Shaman |
| 22:28 | Shaman |
| 22:28 | Shaman |
| 22:32 | Grunt |
| 22:32 | Grunt |
| 22:32 | Grunt |
| 22:32 | Grunt |
| 22:33 | Grunt |
| 22:39 | Barracks |
| 22:45 | Potion of Healing |
| 22:55 | Potion of Mana |
| 23:46 | Bladestorm |
| 23:47 | Peon |
| 23:47 | Peon |
| 23:47 | Peon |
| 23:47 | Peon |
| 27:04 | Arcanite Ranged Weapons |
| 27:04 | Arcanite Melee Weapons |
| 27:04 | Arcanite Armor |
| 27:42 | Peon |
| 28:06 | Beastiary |
| 29:21 | Potion of Mana |
| 29:21 | Potion of Healing |
| 29:22 | Potion of Mana |
| 29:28 | Burning Oil |
| 29:28 | Demolisher |
| 29:28 | Demolisher |
| 29:29 | Demolisher |
| 29:29 | Demolisher |
| 29:29 | Demolisher |
| 29:29 | Demolisher |
| 29:50 | Peon |
| 29:50 | Peon |
| Right click | 1694 |
| Select group | 553 |
| Select | 287 |
| Build/train/purchase | 145 |
| Assign group | 50 |
| Misc. action | 11 |
| Use ability | 7 |
| Remove unit | 7 |


| Lesser Clarity Potion | 4 | 280 |
| Healing Salve | 1 | 100 |
| Scroll of Speed | 1 | 50 |
| total: | 6 | 430g |
| Peon | 11 | 825 | / | 0 |
| Grunt | 1 | 200 | / | 0 |
| Troll Headhunter | 16 | 2240 | / | 320 |
| Troll Berserker | 10 | 1400 | / | 200 |
| Demolisher | 9 | 1980 | / | 450 |
| total: | 47 | 6645g | / | 970w |
| Altar of Storms | 1 | 180 | / | 50 |
| Orc Burrow | 7 | 1120 | / | 280 |
| Barracks | 3 | 540 | / | 150 |
| War Mill | 1 | 205 | / | 0 |
| Voodoo Lounge | 1 | 130 | / | 30 |
| Great Hall | 1 | 385 | / | 185 |
| Beastiary | 2 | 290 | / | 280 |
| Stronghold | 1 | 315 | / | 190 |
| Fortress | 1 | 325 | / | 190 |
| total: | 16 | 2850g | / | 975w |
| 0:07 | Altar of Storms |
| 0:09 | Orc Burrow |
| 0:11 | Peon |
| 0:11 | Peon |
| 0:20 | Peon |
| 0:45 | Barracks |
| 1:04 | War Mill |
| 1:22 | Peon |
| 1:23 | Peon |
| 1:47 | Grunt |
| 2:08 | Peon |
| 2:09 | Peon |
| 2:14 | Healing Wave |
| 2:17 | Troll Headhunter |
| 2:19 | Troll Headhunter |
| 2:33 | Orc Burrow |
| 3:01 | Troll Headhunter |
| 3:29 | Troll Headhunter |
| 3:48 | Orc Burrow |
| 3:55 | Voodoo Lounge |
| 4:03 | Troll Headhunter |
| 4:16 | Troll Headhunter |
| 4:42 | Troll Headhunter |
| 4:48 | Steel Ranged Weapons |
| 5:02 | Troll Headhunter |
| 5:29 | Troll Headhunter |
| 5:29 | Troll Headhunter |
| 5:41 | Orc Burrow |
| 6:07 | Hex |
| 6:22 | Stronghold |
| 6:25 | Troll Headhunter |
| 6:33 | Lesser Clarity Potion |
| 6:35 | Healing Salve |
| 6:39 | Lesser Clarity Potion |
| 6:57 | Troll Headhunter |
| 7:05 | Orc Burrow |
| 7:54 | Troll Headhunter |
| 7:55 | Troll Headhunter |
| 7:59 | Orc Burrow |
| 8:07 | Healing Wave |
| 9:09 | Fortress |
| 9:10 | Troll Regeneration |
| 9:18 | Thorium Ranged Weapons |
| 10:18 | Steel Armor |
| 10:20 | Troll Headhunter |
| 10:21 | Troll Headhunter |
| 10:50 | Hex |
| 11:30 | Berserker Upgrade |
| 12:42 | Troll Berserker |
| 12:42 | Troll Berserker |
| 12:43 | Troll Berserker |
| 13:10 | Beastiary |
| 13:12 | Beastiary |
| 13:28 | Troll Berserker |
| 13:28 | Troll Berserker |
| 13:39 | Barracks |
| 13:40 | Barracks |
| 13:55 | Arcanite Ranged Weapons |
| 14:00 | Orc Burrow |
| 14:12 | Burning Oil |
| 14:18 | Peon |
| 14:18 | Peon |
| 14:19 | Peon |
| 14:19 | Peon |
| 14:49 | Demolisher |
| 14:49 | Demolisher |
| 15:14 | Demolisher |
| 15:56 | Demolisher |
| 17:33 | Silence |
| 18:51 | Demolisher |
| 19:52 | Demolisher |
| 21:52 | Demolisher |
| 22:42 | Troll Berserker |
| 22:42 | Troll Berserker |
| 23:25 | Troll Berserker |
| 26:09 | Demolisher |
| 26:09 | Demolisher |
| 28:13 | Great Hall |
| 29:17 | Lesser Clarity Potion |
| 29:18 | Scroll of Speed |
| 29:24 | Lesser Clarity Potion |
| 30:08 | Troll Berserker |
| 30:08 | Troll Berserker |
| Right click | 1145 |
| Select | 337 |
| Select group | 217 |
| Build/train/purchase | 77 |
| Assign group | 32 |
| Use ability | 30 |
| Misc. action | 23 |
| Resource trade | 10 |
| Chat | 4 |
| Minimap ping | 3 |
| Remove unit | 1 |
| Esc | 1 |

| Rod of Necromancy | 2 | 300 |
| Potion of Healing | 2 | 300 |
| Potion of Mana | 1 | 200 |
| total: | 5 | 800g |
| Acolyte | 11 | 825 | / | 0 |
| Ghoul | 6 | 720 | / | 0 |
| Crypt Fiend | 12 | 2580 | / | 480 |
| Obsidian Statue | 2 | 400 | / | 70 |
| Abomination | 2 | 480 | / | 140 |
| Frost Wyrm | 4 | 1540 | / | 480 |
| Meat Wagon | 6 | 1380 | / | 300 |
| total: | 43 | 7925g | / | 1470w |
| Spirit Tower | 1 | 145 | / | 40 |
| Nerubian Tower | 1 | 100 | / | 20 |
| Altar of Darkness | 1 | 180 | / | 50 |
| Crypt | 1 | 200 | / | 50 |
| Ziggurat | 8 | 1200 | / | 400 |
| Tomb of Relics | 1 | 130 | / | 30 |
| Graveyard | 1 | 215 | / | 0 |
| Slaughterhouse | 1 | 140 | / | 135 |
| Sacrificial Pit | 1 | 75 | / | 150 |
| Boneyard | 3 | 525 | / | 600 |
| Halls of the Dead | 1 | 320 | / | 210 |
| Black Citadel | 1 | 325 | / | 230 |
| total: | 17 | 2665g | / | 1415w |
| 0:06 | Acolyte |
| 0:09 | Altar of Darkness |
| 0:13 | Crypt |
| 0:30 | Ziggurat |
| 0:48 | Tomb of Relics |
| 0:56 | Acolyte |
| 1:28 | Graveyard |
| 1:40 | Ghoul |
| 1:54 | Ghoul |
| 2:11 | Ziggurat |
| 2:20 | Ghoul |
| 2:35 | Rod of Necromancy |
| 2:59 | Death Coil |
| 3:34 | Spirit Tower |
| 4:34 | Acolyte |
| 4:56 | Acolyte |
| 5:21 | Acolyte |
| 5:28 | Acolyte |
| 5:52 | Ziggurat |
| 6:11 | Crypt Fiend |
| 7:23 | Crypt Fiend |
| 7:23 | Crypt Fiend |
| 7:24 | Crypt Fiend |
| 7:30 | Nerubian Tower |
| 7:42 | Creature Attack |
| 8:32 | Unholy Aura |
| 8:43 | Crypt Fiend |
| 8:45 | Halls of the Dead |
| 8:51 | Creature Carapace |
| 9:07 | Crypt Fiend |
| 10:13 | Ghoul |
| 10:14 | Ghoul |
| 10:14 | Ghoul |
| 10:26 | Death Coil |
| 11:26 | Crypt Fiend |
| 11:26 | Crypt Fiend |
| 11:26 | Crypt Fiend |
| 11:33 | Slaughterhouse |
| 12:10 | Improved Creature Attack |
| 12:31 | Ziggurat |
| 12:33 | Ziggurat |
| 13:00 | Web |
| 13:11 | Potion of Healing |
| 13:11 | Potion of Mana |
| 13:12 | Rod of Necromancy |
| 14:27 | Unholy Aura |
| 14:30 | Obsidian Statue |
| 14:30 | Obsidian Statue |
| 14:34 | Crypt Fiend |
| 14:35 | Crypt Fiend |
| 14:35 | Crypt Fiend |
| 14:48 | Ziggurat |
| 15:36 | Black Citadel |
| 16:11 | Improved Creature Carapace |
| 17:20 | Sacrificial Pit |
| 18:17 | Abomination |
| 18:24 | Abomination |
| 19:11 | Boneyard |
| 19:12 | Boneyard |
| 19:16 | Boneyard |
| 20:15 | Acolyte |
| 20:15 | Acolyte |
| 20:15 | Acolyte |
| 20:16 | Acolyte |
| 20:16 | Acolyte |
| 20:26 | Freezing Breath |
| 20:33 | Ziggurat |
| 20:34 | Ziggurat |
| 21:39 | Frost Wyrm |
| 21:57 | Frost Wyrm |
| 22:29 | Frost Wyrm |
| 23:09 | Frost Wyrm |
| 24:37 | Advanced Creature Attack |
| 24:43 | Advanced Creature Carapace |
| 25:20 | Death Coil |
| 27:11 | Meat Wagon |
| 27:12 | Meat Wagon |
| 27:13 | Meat Wagon |
| 27:14 | Meat Wagon |
| 27:15 | Meat Wagon |
| 27:15 | Meat Wagon |
| 27:45 | Burrow |
| 27:55 | Unholy Strength |
| 27:57 | Unholy Armor |
| 28:59 | Improved Unholy Strength |
| 30:09 | Improved Unholy Armor |
| 31:36 | Potion of Healing |
| Right click | 1095 |
| Select | 316 |
| Select group | 186 |
| Build/train/purchase | 82 |
| Assign group | 36 |
| Use ability | 20 |
| Chat | 19 |
| Minimap ping | 3 |
| Remove unit | 2 |
99 units @ 10.5k
/ 1.2k
321 buildings @ 27k
/ 17.2k


| Healing Salve | 2 | 200 |
| Lesser Clarity Potion | 4 | 280 |
| Orb of Lightning | 1 | 375 |
| Staff of Sanctuary | 2 | 500 |
| total: | 9 | 1355g |
| Peon | 18 | 1350 | / | 0 |
| Troll Batrider | 16 | 2560 | / | 640 |
| total: | 34 | 3910g | / | 640w |
| Watch Tower | 71 | 7810 | / | 5680 |
| Altar of Storms | 1 | 180 | / | 50 |
| Orc Burrow | 4 | 640 | / | 160 |
| War Mill | 1 | 205 | / | 0 |
| Voodoo Lounge | 3 | 390 | / | 90 |
| Beastiary | 1 | 145 | / | 140 |
| Spirit Lodge | 1 | 150 | / | 150 |
| Stronghold | 1 | 315 | / | 190 |
| Fortress | 1 | 325 | / | 190 |
| total: | 82 | 9520g | / | 6270w |
| 0:05 | Peon |
| 0:05 | Peon |
| 0:09 | Altar of Storms |
| 0:16 | Peon |
| 0:19 | Orc Burrow |
| 0:42 | War Mill |
| 0:49 | Peon |
| 1:04 | Peon |
| 1:16 | Voodoo Lounge |
| 1:19 | Peon |
| 1:19 | Peon |
| 1:32 | Peon |
| 1:44 | Peon |
| 1:51 | Peon |
| 2:07 | Orc Burrow |
| 2:13 | Peon |
| 2:20 | Watch Tower |
| 2:29 | Wind Walk |
| 2:59 | Peon |
| 3:00 | Peon |
| 3:24 | Watch Tower |
| 3:28 | Peon |
| 3:28 | Peon |
| 3:37 | Spiked Barricades |
| 3:54 | Watch Tower |
| 4:13 | Stronghold |
| 4:31 | Watch Tower |
| 4:43 | Healing Salve |
| 4:43 | Lesser Clarity Potion |
| 4:43 | Lesser Clarity Potion |
| 5:01 | Watch Tower |
| 5:02 | Watch Tower |
| 5:48 | Watch Tower |
| 6:10 | Watch Tower |
| 6:22 | Voodoo Lounge |
| 6:35 | Fortress |
| 6:52 | Beastiary |
| 6:55 | Watch Tower |
| 6:59 | Critical Strike |
| 7:11 | Watch Tower |
| 7:12 | Watch Tower |
| 7:33 | Hex |
| 7:51 | Watch Tower |
| 7:54 | Watch Tower |
| 8:05 | Watch Tower |
| 8:17 | Orc Burrow |
| 9:02 | Watch Tower |
| 9:02 | Watch Tower |
| 9:03 | Watch Tower |
| 9:04 | Watch Tower |
| 9:22 | Watch Tower |
| 10:03 | Liquid Fire |
| 10:04 | Spirit Lodge |
| 10:09 | Watch Tower |
| 10:10 | Watch Tower |
| 10:41 | Wind Walk |
| 10:55 | Watch Tower |
| 11:10 | Voodoo Lounge |
| 11:24 | Watch Tower |
| 11:25 | Watch Tower |
| 11:31 | Witch Doctor Adept Training |
| 11:31 | Shaman Adept Training |
| 11:33 | War Drums Damage Increase |
| 11:35 | Orc Burrow |
| 11:59 | Watch Tower |
| 12:21 | Healing Wave |
| 13:10 | Watch Tower |
| 13:15 | Watch Tower |
| 13:16 | Watch Tower |
| 13:16 | Watch Tower |
| 13:34 | Shaman Master Training |
| 13:58 | Troll Batrider |
| 13:58 | Troll Batrider |
| 13:58 | Troll Batrider |
| 13:59 | Troll Batrider |
| 14:02 | Peon |
| 14:30 | Watch Tower |
| 14:35 | Watch Tower |
| 15:40 | Watch Tower |
| 16:00 | Troll Batrider |
| 16:02 | Improved Spiked Barricades |
| 16:37 | Watch Tower |
| 17:16 | Critical Strike |
| 17:30 | Watch Tower |
| 17:33 | Troll Batrider |
| 17:33 | Troll Batrider |
| 17:34 | Witch Doctor Master Training |
| 17:37 | Watch Tower |
| 17:37 | Watch Tower |
| 17:38 | Watch Tower |
| 17:38 | Watch Tower |
| 17:47 | Healing Wave |
| 17:50 | Orb of Lightning |
| 17:58 | Watch Tower |
| 18:11 | Troll Batrider |
| 18:11 | Troll Batrider |
| 18:14 | Reinforced Defenses |
| 19:04 | Watch Tower |
| 19:05 | Watch Tower |
| 19:07 | Watch Tower |
| 19:28 | Staff of Sanctuary |
| 19:58 | Watch Tower |
| 19:58 | Watch Tower |
| 20:10 | Watch Tower |
| 20:13 | Peon |
| 20:14 | Peon |
| 21:14 | Watch Tower |
| 22:20 | Watch Tower |
| 22:21 | Watch Tower |
| 22:32 | Watch Tower |
| 22:37 | Watch Tower |
| 22:39 | Watch Tower |
| 23:14 | Troll Batrider |
| 23:15 | Troll Batrider |
| 23:32 | Watch Tower |
| 23:37 | Watch Tower |
| 23:38 | Watch Tower |
| 23:48 | Watch Tower |
| 23:57 | Lesser Clarity Potion |
| 24:10 | Watch Tower |
| 24:35 | Watch Tower |
| 24:46 | Hex |
| 25:15 | Watch Tower |
| 25:39 | Watch Tower |
| 25:57 | Watch Tower |
| 26:54 | Watch Tower |
| 26:56 | Healing Salve |
| 26:58 | Wind Walk |
| 26:59 | Lesser Clarity Potion |
| 27:19 | Watch Tower |
| 27:32 | Watch Tower |
| 27:57 | Steel Ranged Weapons |
| 28:01 | Watch Tower |
| 28:30 | Watch Tower |
| 28:44 | Troll Batrider |
| 28:44 | Troll Batrider |
| 28:47 | Watch Tower |
| 29:08 | Watch Tower |
| 29:12 | Watch Tower |
| 29:17 | Staff of Sanctuary |
| 29:40 | Watch Tower |
| 29:54 | Watch Tower |
| 30:01 | Troll Batrider |
| 30:01 | Troll Batrider |
| 31:31 | Watch Tower |
| 31:52 | Thorium Ranged Weapons |
| 32:00 | Healing Wave |
| 32:23 | Troll Batrider |
| Right click | 1973 |
| Select group | 1283 |
| Select | 265 |
| Build/train/purchase | 180 |
| Chat | 63 |
| Use ability | 56 |
| Misc. action | 40 |
| Minimap ping | 34 |
| Assign group | 15 |
| Item give/drop | 5 |
| Esc | 1 |
BEARAND
(33:41) : 
| Potion of Healing | 1 | 150 |
| Healing Salve | 2 | 200 |
| total: | 3 | 350g |
| Peasant | 26 | 1950 | / | 0 |
| Priest | 3 | 405 | / | 30 |
| Dragonhawk Rider | 6 | 1200 | / | 180 |
| total: | 35 | 3555g | / | 210w |
| Scout Tower | 142 | 4260 | / | 2840 |
| Arcane Tower | 11 | 770 | / | 550 |
| Guard Tower | 58 | 4060 | / | 2900 |
| Altar of Kings | 1 | 180 | / | 50 |
| Farm | 3 | 240 | / | 60 |
| Lumber Mill | 1 | 120 | / | 0 |
| Town Hall | 4 | 1540 | / | 820 |
| Blacksmith | 1 | 140 | / | 60 |
| Arcane Vault | 4 | 520 | / | 120 |
| Barracks | 1 | 160 | / | 60 |
| Arcane Sanctum | 1 | 150 | / | 140 |
| Gryphon Aviary | 1 | 140 | / | 150 |
| Workshop | 1 | 140 | / | 140 |
| Keep | 2 | 640 | / | 420 |
| Castle | 2 | 720 | / | 420 |
| total: | 160 | 7590g | / | 4440w |
| 0:03 | Peasant |
| 0:03 | Peasant |
| 0:08 | Altar of Kings |
| 0:19 | Farm |
| 0:21 | Peasant |
| 0:40 | Peasant |
| 0:43 | Farm |
| 1:04 | Peasant |
| 1:04 | Peasant |
| 1:06 | Lumber Mill |
| 1:25 | Peasant |
| 1:26 | Peasant |
| 1:26 | Peasant |
| 1:33 | Scout Tower |
| 1:37 | Peasant |
| 1:48 | Scout Tower |
| 1:50 | Peasant |
| 2:00 | Arcane Tower |
| 2:06 | Blizzard |
| 2:24 | Scout Tower |
| 2:25 | Arcane Tower |
| 2:26 | Scout Tower |
| 2:27 | Peasant |
| 2:27 | Peasant |
| 2:41 | Peasant |
| 2:44 | Scout Tower |
| 3:05 | Guard Tower |
| 3:06 | Scout Tower |
| 3:07 | Scout Tower |
| 3:18 | Guard Tower |
| 3:20 | Scout Tower |
| 3:20 | Scout Tower |
| 3:36 | Guard Tower |
| 3:58 | Scout Tower |
| 3:59 | Scout Tower |
| 3:59 | Guard Tower |
| 4:06 | Guard Tower |
| 4:22 | Scout Tower |
| 4:23 | Scout Tower |
| 4:34 | Guard Tower |
| 4:35 | Scout Tower |
| 4:35 | Scout Tower |
| 4:38 | Healing Salve |
| 4:52 | Guard Tower |
| 5:25 | Guard Tower |
| 5:46 | Guard Tower |
| 5:51 | Scout Tower |
| 5:52 | Scout Tower |
| 5:54 | Scout Tower |
| 5:56 | Scout Tower |
| 5:56 | Scout Tower |
| 5:57 | Keep |
| 6:00 | Guard Tower |
| 6:01 | Scout Tower |
| 6:03 | Scout Tower |
| 6:06 | Scout Tower |
| 6:11 | Improved Masonry |
| 6:14 | Farm |
| 6:15 | Scout Tower |
| 6:15 | Scout Tower |
| 6:16 | Scout Tower |
| 6:16 | Scout Tower |
| 6:47 | Guard Tower |
| 6:49 | Guard Tower |
| 6:50 | Guard Tower |
| 6:51 | Scout Tower |
| 7:00 | Brilliance Aura |
| 7:07 | Scout Tower |
| 7:08 | Scout Tower |
| 7:18 | Scout Tower |
| 7:24 | Guard Tower |
| 7:49 | Scout Tower |
| 7:49 | Scout Tower |
| 7:50 | Scout Tower |
| 7:50 | Scout Tower |
| 7:52 | Guard Tower |
| 7:59 | Guard Tower |
| 8:57 | Guard Tower |
| 9:29 | Town Hall |
| 9:44 | Scout Tower |
| 9:44 | Scout Tower |
| 9:45 | Scout Tower |
| 9:46 | Scout Tower |
| 9:46 | Scout Tower |
| 9:47 | Scout Tower |
| 9:47 | Scout Tower |
| 9:48 | Scout Tower |
| 9:50 | Guard Tower |
| 9:51 | Improved Lumber Harvesting |
| 9:52 | Peasant |
| 9:53 | Peasant |
| 9:53 | Peasant |
| 9:53 | Peasant |
| 9:53 | Peasant |
| 9:54 | Peasant |
| 9:54 | Peasant |
| 10:20 | Advanced Masonry |
| 10:22 | Arcane Tower |
| 10:40 | Blizzard |
| 11:07 | Town Hall |
| 11:11 | Scout Tower |
| 11:12 | Scout Tower |
| 11:12 | Scout Tower |
| 11:12 | Scout Tower |
| 11:29 | Castle |
| 11:32 | Scout Tower |
| 11:33 | Scout Tower |
| 11:33 | Scout Tower |
| 11:34 | Scout Tower |
| 11:34 | Scout Tower |
| 11:35 | Scout Tower |
| 11:35 | Scout Tower |
| 11:36 | Scout Tower |
| 11:36 | Scout Tower |
| 11:37 | Scout Tower |
| 11:37 | Scout Tower |
| 11:38 | Scout Tower |
| 11:38 | Scout Tower |
| 11:39 | Scout Tower |
| 12:14 | Scout Tower |
| 12:15 | Scout Tower |
| 12:16 | Scout Tower |
| 12:16 | Scout Tower |
| 12:16 | Scout Tower |
| 12:17 | Scout Tower |
| 12:26 | Arcane Sanctum |
| 12:42 | Scout Tower |
| 12:43 | Scout Tower |
| 13:01 | Scout Tower |
| 13:02 | Scout Tower |
| 13:04 | Guard Tower |
| 13:09 | Guard Tower |
| 13:11 | Arcane Tower |
| 13:11 | Guard Tower |
| 13:16 | Gryphon Aviary |
| 13:18 | Blacksmith |
| 13:21 | Guard Tower |
| 13:36 | Scout Tower |
| 13:37 | Scout Tower |
| 13:37 | Scout Tower |
| 13:48 | Guard Tower |
| 13:52 | Scout Tower |
| 13:53 | Scout Tower |
| 13:54 | Scout Tower |
| 13:54 | Scout Tower |
| 13:55 | Scout Tower |
| 14:02 | Town Hall |
| 14:08 | Guard Tower |
| 14:22 | Guard Tower |
| 14:42 | Guard Tower |
| 14:43 | Imbued Masonry |
| 14:44 | Advanced Lumber Harvesting |
| 14:48 | Magic Sentry |
| 14:48 | Priest |
| 14:49 | Priest Adept Training |
| 14:53 | Arcane Vault |
| 14:54 | Arcane Vault |
| 14:56 | Arcane Vault |
| 14:58 | Arcane Vault |
| 15:12 | Guard Tower |
| 15:16 | Guard Tower |
| 15:17 | Scout Tower |
| 15:18 | Scout Tower |
| 15:19 | Scout Tower |
| 15:19 | Scout Tower |
| 15:47 | Scout Tower |
| 15:47 | Scout Tower |
| 15:48 | Scout Tower |
| 15:48 | Scout Tower |
| 15:59 | Brilliance Aura |
| 16:23 | Guard Tower |
| 16:47 | Barracks |
| 17:34 | Guard Tower |
| 17:40 | Priest |
| 17:40 | Priest |
| 18:11 | Animal War Training |
| 18:18 | Guard Tower |
| 18:20 | Peasant |
| 18:55 | Dragonhawk Rider |
| 18:55 | Dragonhawk Rider |
| 19:01 | Town Hall |
| 19:17 | Potion of Healing |
| 19:17 | Healing Salve |
| 20:10 | Scout Tower |
| 20:10 | Scout Tower |
| 20:11 | Scout Tower |
| 20:12 | Scout Tower |
| 20:15 | Scout Tower |
| 20:15 | Scout Tower |
| 20:16 | Scout Tower |
| 20:17 | Scout Tower |
| 20:17 | Scout Tower |
| 20:18 | Scout Tower |
| 20:28 | Scout Tower |
| 20:29 | Scout Tower |
| 20:31 | Scout Tower |
| 20:32 | Scout Tower |
| 20:36 | Scout Tower |
| 20:45 | Dragonhawk Rider |
| 20:46 | Dragonhawk Rider |
| 20:47 | Iron Forged Swords |
| 20:47 | Studded Leather Armor |
| 21:32 | Arcane Tower |
| 21:32 | Arcane Tower |
| 21:41 | Guard Tower |
| 22:33 | Peasant |
| 22:33 | Peasant |
| 22:36 | Peasant |
| 22:36 | Peasant |
| 22:41 | Guard Tower |
| 23:27 | Guard Tower |
| 23:32 | Scout Tower |
| 23:56 | Scout Tower |
| 23:57 | Scout Tower |
| 23:57 | Scout Tower |
| 24:24 | Dragonhawk Rider |
| 24:25 | Cloud |
| 24:35 | Dragonhawk Rider |
| 24:37 | Guard Tower |
| 24:50 | Scout Tower |
| 24:52 | Scout Tower |
| 24:53 | Scout Tower |
| 25:08 | Arcane Tower |
| 25:09 | Arcane Tower |
| 25:12 | Arcane Tower |
| 25:18 | Guard Tower |
| 25:38 | Guard Tower |
| 25:46 | Guard Tower |
| 26:44 | Blizzard |
| 26:46 | Guard Tower |
| 26:50 | Scout Tower |
| 26:51 | Scout Tower |
| 27:28 | Steel Forged Swords |
| 27:28 | Reinforced Leather Armor |
| 28:00 | Guard Tower |
| 28:01 | Guard Tower |
| 28:04 | Scout Tower |
| 28:05 | Scout Tower |
| 28:05 | Scout Tower |
| 28:06 | Scout Tower |
| 28:07 | Scout Tower |
| 28:08 | Scout Tower |
| 28:09 | Scout Tower |
| 28:13 | Scout Tower |
| 28:13 | Scout Tower |
| 28:14 | Scout Tower |
| 28:14 | Scout Tower |
| 28:39 | Scout Tower |
| 28:40 | Scout Tower |
| 28:41 | Scout Tower |
| 28:41 | Scout Tower |
| 28:42 | Scout Tower |
| 28:42 | Scout Tower |
| 28:44 | Scout Tower |
| 28:44 | Scout Tower |
| 28:45 | Scout Tower |
| 28:45 | Scout Tower |
| 28:46 | Scout Tower |
| 28:46 | Scout Tower |
| 28:49 | Guard Tower |
| 29:20 | Guard Tower |
| 29:37 | Workshop |
| 32:35 | Guard Tower |
| 32:35 | Guard Tower |
| 32:37 | Guard Tower |
| 32:38 | Guard Tower |
| 32:52 | Guard Tower |
| 32:54 | Scout Tower |
| 32:54 | Scout Tower |
| 32:55 | Scout Tower |
| 32:55 | Scout Tower |
| 32:55 | Scout Tower |
| 32:56 | Scout Tower |
| 32:57 | Scout Tower |
| 32:58 | Scout Tower |
| Right click | 1831 |
| Select | 520 |
| Build/train/purchase | 260 |
| Select group | 254 |
| Chat | 77 |
| Resource trade | 49 |
| Use ability | 33 |
| Minimap ping | 18 |
| Assign group | 17 |
| Misc. action | 15 |
| Remove unit | 2 |
| Item give/drop | 1 |
IcebergSlim
(33:41) : 

| Healing Salve | 2 | 200 |
| Orb of Lightning | 2 | 750 |
| total: | 4 | 950g |
| Peon | 21 | 1575 | / | 0 |
| Troll Batrider | 9 | 1440 | / | 360 |
| total: | 30 | 3015g | / | 360w |
| Watch Tower | 68 | 7480 | / | 5440 |
| Altar of Storms | 1 | 180 | / | 50 |
| Orc Burrow | 3 | 480 | / | 120 |
| War Mill | 1 | 205 | / | 0 |
| Voodoo Lounge | 1 | 130 | / | 30 |
| Great Hall | 3 | 1155 | / | 555 |
| Beastiary | 2 | 290 | / | 280 |
| Stronghold | 1 | 315 | / | 190 |
| Fortress | 1 | 325 | / | 190 |
| total: | 79 | 9920g | / | 6475w |
| 0:02 | Peon |
| 0:02 | Peon |
| 0:05 | Altar of Storms |
| 0:19 | Orc Burrow |
| 0:20 | Peon |
| 0:40 | Peon |
| 0:50 | War Mill |
| 0:53 | Peon |
| 1:04 | Voodoo Lounge |
| 1:13 | Peon |
| 1:29 | Orc Burrow |
| 1:38 | Peon |
| 2:11 | Wind Walk |
| 2:14 | Healing Salve |
| 2:16 | Watch Tower |
| 2:24 | Peon |
| 2:24 | Peon |
| 2:38 | Watch Tower |
| 3:05 | Peon |
| 3:05 | Peon |
| 3:19 | Watch Tower |
| 3:23 | Peon |
| 3:23 | Peon |
| 3:44 | Watch Tower |
| 4:06 | Stronghold |
| 4:27 | Watch Tower |
| 4:48 | Watch Tower |
| 5:21 | Critical Strike |
| 5:28 | Great Hall |
| 5:52 | Watch Tower |
| 5:56 | Watch Tower |
| 6:17 | Watch Tower |
| 6:31 | Peon |
| 6:31 | Peon |
| 6:54 | Beastiary |
| 6:59 | Beastiary |
| 7:07 | Watch Tower |
| 7:09 | Watch Tower |
| 7:29 | Hex |
| 7:40 | Watch Tower |
| 8:00 | Spiked Barricades |
| 8:00 | Reinforced Defenses |
| 8:07 | Peon |
| 8:07 | Peon |
| 8:07 | Peon |
| 8:08 | Peon |
| 8:12 | Watch Tower |
| 8:20 | Watch Tower |
| 8:48 | Watch Tower |
| 9:26 | Watch Tower |
| 9:42 | Watch Tower |
| 9:49 | Watch Tower |
| 10:01 | Watch Tower |
| 10:09 | Fortress |
| 10:14 | Peon |
| 10:14 | Peon |
| 10:34 | Watch Tower |
| 11:06 | Wind Walk |
| 11:19 | Watch Tower |
| 11:22 | Watch Tower |
| 11:24 | Watch Tower |
| 11:28 | Troll Batrider |
| 11:30 | Orc Burrow |
| 11:43 | Watch Tower |
| 12:01 | Improved Spiked Barricades |
| 12:01 | Steel Ranged Weapons |
| 12:02 | Steel Armor |
| 12:26 | Watch Tower |
| 12:28 | Watch Tower |
| 12:48 | Healing Wave |
| 12:57 | Watch Tower |
| 12:59 | Watch Tower |
| 13:14 | Liquid Fire |
| 13:37 | Watch Tower |
| 13:50 | Watch Tower |
| 14:13 | Watch Tower |
| 14:15 | Watch Tower |
| 14:33 | War Drums Damage Increase |
| 14:35 | Troll Batrider |
| 14:51 | Watch Tower |
| 15:03 | Watch Tower |
| 15:09 | Troll Batrider |
| 15:27 | Watch Tower |
| 15:29 | Watch Tower |
| 15:48 | Troll Batrider |
| 16:01 | Watch Tower |
| 16:29 | Watch Tower |
| 16:47 | Watch Tower |
| 16:50 | Watch Tower |
| 17:30 | Watch Tower |
| 17:37 | Troll Batrider |
| 17:39 | Thorium Ranged Weapons |
| 18:01 | Orb of Lightning |
| 18:23 | Watch Tower |
| 18:26 | Watch Tower |
| 18:48 | Critical Strike |
| 18:59 | Arcanite Ranged Weapons |
| 19:13 | Healing Wave |
| 19:19 | Watch Tower |
| 19:51 | Watch Tower |
| 20:06 | Watch Tower |
| 21:05 | Watch Tower |
| 21:12 | Watch Tower |
| 21:19 | Thorium Armor |
| 21:23 | Watch Tower |
| 21:50 | Watch Tower |
| 21:51 | Watch Tower |
| 21:53 | Watch Tower |
| 22:15 | Watch Tower |
| 22:29 | Watch Tower |
| 22:38 | Watch Tower |
| 22:56 | Watch Tower |
| 23:21 | Watch Tower |
| 23:54 | Watch Tower |
| 24:41 | Great Hall |
| 26:37 | Troll Batrider |
| 26:37 | Troll Batrider |
| 26:43 | Critical Strike |
| 26:53 | Watch Tower |
| 27:08 | Troll Batrider |
| 27:09 | Healing Salve |
| 27:10 | Orb of Lightning |
| 27:36 | Troll Batrider |
| 28:05 | Watch Tower |
| 28:46 | Arcanite Armor |
| 29:23 | Watch Tower |
| 31:03 | Hex |
| 31:36 | Great Hall |
| 31:43 | Watch Tower |
| 31:45 | Watch Tower |
| 32:51 | Watch Tower |
| 32:53 | Watch Tower |
| 32:54 | Watch Tower |
| 32:55 | Watch Tower |
| 32:57 | Watch Tower |
| Right click | 2489 |
| Select | 535 |
| Select group | 349 |
| Misc. action | 121 |
| Build/train/purchase | 113 |
| Use ability | 59 |
| Resource trade | 9 |
| Chat | 9 |
| Assign group | 7 |
| Minimap ping | 3 |
| Esc | 2 |
⇛